 Dungeon Crawl Stone Soup version 0.28-a0-479-g5baa6b73be (webtiles) character file.

Game seed: 15948812181326393532

88 Dabor the Skirmisher (level 4, 0/37 HPs)
             Began as a Formicid Abyssal Knight on Sept 19, 2021.
             Was a Follower of Lugonu.
             Succumbed to a goblin's poison
             ... on level 2 of the Dungeon.
             The game lasted 00:03:30 (2055 turns).

Dabor the Skirmisher (Formicid Abyssal Knight)      Turns: 2055, Time: 00:03:30

Health: 0/37       AC: 11    Str: 24    XL:     4   Next: 81%
Magic:  6/6        EV:  7    Int: 11    God:    Lugonu [*.....]
Gold:   92         SH:  0    Dex: 10    Spells: 3/3 levels left

rFire   . . .      SeeInvis +   a - +1 spear
rCold   . . .      Faith    .   (no shield)
rNeg    . . .      Spirit   .   l - +0 plate armour
rPois   .          Reflect  .   (helmet unavailable)
rElec   .          Harm     .   (no cloak)
rCorr   .          Rampage  .   (no gloves)
Will    .....                   (no boots)
Stlth   ..........              (no amulet)
HPRegen 0.12/turn               f - +6 ring of strength
MPRegen 0.10/turn               (no ring)

@: lethally poisoned (0 -> -25)
A: permanent stasis, dig shafts and tunnels, antennae 3, four strong arms
a: Dig, Shaft Self, Renounce Religion, Depart the Abyss


You were on level 2 of the Dungeon.
You worshipped Lugonu.
Lugonu was aware of your devotion.
You visited 1 branch of the dungeon, and saw 2 of its levels.
You visited the Abyss 1 time.

You collected 92 gold pieces.

Inventory:

Hand Weapons
 a - a +1 spear (weapon)
Missiles
 i - 13 poisoned darts
Armour
 b - a +0 leather armour
 l - a +0 plate armour (worn)
Jewellery
 f - a +6 ring of strength (left hand)
Scrolls
 g - a scroll of enchant armour {unknown}
 h - a scroll of teleportation {unknown}
Potions
 c - a potion of might {unknown}
 d - a potion of flight {unknown}
 e - a potion of heal wounds {unknown}
 j - a potion of haste {unknown}
 k - a potion of attraction {unknown}


   Skills:
 + Level 3.9 Fighting
 + Level 2.7 Polearms
 + Level 3.0 Armour
 + Level 1.7 Dodging
 + Level 3.0 Invocations


You had 3 spell levels left.
You didn't know any spells.
Your spell library was empty.

Dungeon Overview and Level Annotations

Branches:
Dungeon (2/15)

Altars:

Annotations:
D:2 Robin


Innate Abilities, Weirdness & Mutations

You cannot be hasted, slowed, berserked, paralysed or teleported.
You can dig through walls and to a lower floor.
You have a pair of large antennae on your head. (SInv)
Your four strong arms can wield two-handed weapons with a shield.


Message History

You feel very sick. The goblin hits you but does no damage.
You are lethally poisoned!
The kobold hits you but does no damage. Robin hits you but does no damage.
You are too injured to fight recklessly!
You are too injured to fight recklessly!
You are too injured to fight recklessly!
You are too injured to fight recklessly!
You are too injured to fight recklessly!
You are too injured to fight recklessly!
You are too injured to fight recklessly!
You are too injured to fight recklessly!
You are too injured to fight recklessly!
You are too injured to fight recklessly!
You are too injured to fight recklessly!
You are too injured to fight recklessly!
You are too injured to fight recklessly!
You are too injured to fight recklessly!
You are too injured to fight recklessly!
You are too injured to fight recklessly!
You are too injured to fight recklessly!
You are too injured to fight recklessly!
You are too injured to fight recklessly!
You are too injured to fight recklessly!
You are too injured to fight recklessly!
You are too injured to fight recklessly!
You are too injured to fight recklessly!
You are too injured to fight recklessly!
You barely miss the goblin.
You feel very sick. The goblin hits you but does no damage.
The kobold hits you but does no damage.
You hit the goblin.
The goblin is moderately wounded.
* * * LOW HITPOINT WARNING * * *
You feel very sick.
The goblin hits you with a +1 dagger of venom.
* * * LOW HITPOINT WARNING * * *
You are more poisoned.
The kobold hits you but does no damage.
You die...

###### ##gK.g###
##.g##@..##
#..##.##..##
########.##...##..#
.........#..#(.##.#
........#..#8#(.#.#
........##..#(.#..#
...g.....##...##.##
..........##†##.[#
............##...#


You could see 2 goblins and a kobold.

Vanquished Creatures
  3 adders (D:2)
  A dart slug (D:1)
  2 ball pythons
  5 bats (D:1)
  5 endoplasms (D:1)
  4 giant cockroaches
  12 goblins
  4 hobgoblins
  A jackal (D:2)
  5 quokkas
  5 frilled lizards
  2 kobolds (D:1)
  3 rats
52 creatures vanquished.

Notes
Turn   | Place    | Note
-------+----------+-------------------------------------------
     0 | Abyss:1  | Dabor the Formicid Abyssal Knight began the quest for the
                  | Orb.
     0 | Abyss:1  | Reached XP level 1. HP: 18/18 MP: 2/2
   108 | Abyss:3  | Noticed a spriggan defender skeleton
   115 | D:1      | Escaped the Abyss
   327 | D:1      | Reached skill level 1 in Dodging
   587 | D:1      | Reached XP level 2. HP: 22/24 MP: 3/3
   786 | D:1      | Reached * piety under Lugonu
   796 | D:1      | Reached XP level 3. HP: 29/29 MP: 4/4
   916 | D:1      | Found a faded altar of an unknown god.
  1441 | D:2      | Reached XP level 4. HP: 11/37 MP: 6/6
  2022 | D:2      | Noticed Robin
  2055 | D:2      | Succumbed to a goblin's poison

Illustrated notes

Levels and vault maps discovered:
D:1:      dpeg_cavernosity, layout_basic, ebering_ecumenical_altar_abandoned,
          minmay_tree_intersection, minmay_misc_feat_chi,
          chequers_serial_rivers_small_a, chequers_serial_rivers_marsh
D:2:      layout_rooms, hangedman_decor_peaks_small, minmay_heptomino_w4,
          uniq_sigmund, uniq_robin, uniq_jessica

Skill      XL: |  1  2  3  4 |
---------------+-------------+-----
Dodging        | 1 |  1.7
Invocations    | 3 |  3.0
Armour         | 3 |  3.0
Fighting       | |  3.9
Polearms       | |  2.7

Action                   |  1- 3 |  4- 6 || total
-------------------------+-------+-------++-------
Melee: Spear             |   115 |    69 ||   184
Invok: Depart the Abyss  |     1 |       ||     1
Armor: Leather armour    |    32 |     4 ||    36
       Plate armour      |       |    29 ||    29
Dodge: Dodged            |    68 |    23 ||    91

Table legend: (Time is in decaauts)
 A = Elapsed time spent in this place.
 B = Non-inter-level travel time spent in this place.
 C = Inter-level travel time spent in this place.
 D = Time resting spent in this place.
 E = Time spent auto-exploring this place.
 F = Levels seen in this place.
 G = Mean time per level.
                   A        B        C        D        E       F      G
               +--------+--------+--------+--------+--------+-----+--------+
         Total |   2054 |   2014 |     40 |    435 |   1143 |   5 |  410.8 |
       Dungeon |   1940 |   1900 |     40 |    435 |   1102 |   2 |  970.0 |
         Abyss |    114 |    114 |      0 |      0 |     41 |   3 |   38.0 |
               +--------+--------+--------+--------+--------+-----+--------+

Top non-repeatable levels by time:
     D:1: 1308 daAuts
     D:2: 631 daAuts
 Abyss:1: 57 daAuts
 Abyss:3: 28 daAuts
 Abyss:2: 28 daAuts
